 Dungeon Crawl Stone Soup version 0.31-a0-851-g7ff8af7976 (webtiles) character file.

Game seed: 9692687122394179889

856 Kurtz the Chopper (level 7, -10/52 HPs)
             Began as a Mummy Delver on Oct 5, 2023.
             Was an Initiate of Gozag.
             Mangled by Prince Ribbit (12 damage)
             ... on level 6 of the Dungeon.
             The game lasted 00:08:36 (5114 turns).

Kurtz the Chopper (Mummy Delver)                    Turns: 5114, Time: 00:08:37

Health: -10/52     AC:  9    Str: 18    XL:     7   Next: 70%
Magic:  7/7        EV:  8    Int:  9    God:    Gozag
Gold:   206        SH:  0    Dex: 13    Spells: 6/6 levels left

rFire   x . .        a - +0 hand axe
rCold   + . .        (no shield)
rNeg    + + +        j - +0 chain mail
rPois   ∞            o - +0 helmet
rElec   .            (no cloak)
rCorr   .            (no gloves)
SInv    .            (no boots)
Will    .....        (no amulet) Stlth
                     (no ring)
HPRegen 0.28/turn    (no ring)
MPRegen 0.10/turn

%: faith
@: no status effects
A: cold resistance 1, negative energy resistance 3, torment resistance 2, heat
vulnerability 1, in touch with death 1, no potions, faith
a: Renounce Religion, Potion Petition, Call Merchant, Bribe Branch


You were on level 6 of the Dungeon.
You worshipped Gozag.
Gozag was aware of your devotion.
You visited 2 branches of the dungeon, and saw 7 of its levels.

You collected 301 gold pieces.
You paid 95 gold pieces to Gozag.

Inventory:

Hand Weapons
 a - a +0 hand axe (weapon)
 p - a +1 whip of venom
Missiles
 k - 3 boomerangs
 l - 9 poisoned darts (quivered)
 v - a javelin
Armour
 j - a +0 chain mail (worn)
 o - a +0 helmet (worn)
 t - a +1 pair of gloves
Jewellery
 u - a ring of flight
Wands
 f - a wand of digging (3)
Scrolls
 b - a scroll of enchant armour {unknown}
 c - 2 scrolls of fog
 d - 2 scrolls of revelation
 e - a scroll of fear
 g - 7 scrolls of teleportation
 h - a scroll of noise {unknown}
 i - 4 scrolls of identify {unknown}
 m - 2 scrolls of immolation {unknown}
 n - a scroll of vulnerability {unknown}
 q - a scroll of summoning {unknown}
 r - a scroll of blinking {unknown}
 s - a scroll of poison {unknown}


   Skills:
 * Level 3.4 Fighting
 - Level 6.8 Axes
 * Level 1.9 Armour
 * Level 2.0 Dodging
 - Level 4.1 Stealth


You had 6 spell levels left.
You didn't know any spells.
Your spell library contained the following spells:

 Spells                   Type           Power      Damage    Failure   Level
 Freeze                   Ice            0%         1d3       99%         1
 Sandblast                Erth           0%         2d4       99%         1
 Slow                     Hex            0%         N/A       99%         1
 Passwall                 Tmut/Erth      0%         N/A       99%         2
 Confusing Touch          Hex            0%         N/A       100%        3
 Frozen Ramparts          Ice            0%         1d1       100%        3
 Hailstorm                Conj/Ice       0%         3d3       100%        3
 Ozocubu's Armour         Ice            0%         N/A       100%        3
 Sigil of Binding         Hex            0%         N/A       100%        3
 Stone Arrow              Conj/Erth      0%         3d7       100%        3
 Vampiric Draining        Necr           0%         2d6       100%        3
 Brom's Barrelling Bould  Conj/Erth      0%         2d3       100%        4
 Irradiate                Conj/Tmut      0%         3d11      100%        5
 Metabolic Englaciation   Hex/Ice        0%         N/A       100%        5
 Wereblood                Tmut           Unusable   N/A       N/A         2
 Simulacrum               Ice/Necr       Unusable   N/A       N/A         6

Dungeon Overview and Level Annotations

Branches:
Dungeon (6/15)             Temple (1/1) D:6

Altars:
Ashenzari
Cheibriados
Dithmenos
Fedhas
Gozag
Hepliaklqana
Kikubaaqudgha
Makhleb
Nemelex Xobeh
Okawaru
Qazlal
Ru
Sif Muna
Trog
Uskayaw
Wu Jian
Xom
Yredelemnul

Annotations:
D:4 2 transporters, Pokonic1's ghost, amateur DsNe
D:6 Prince Ribbit


Innate Abilities, Weirdness & Mutations

You are immune to poison.
Your flesh is cold resistant. (rC+)
You are immune to negative energy. (rN+++)
You are immune to unholy pain and torment.
You are vulnerable to heat. (rF-)
You are in touch with the powers of death.
You do not drink.
You have a special connection with the divine. (Faith)


Message History

Aim: Prince Ribbit (28% to hit)
You throw a poisoned dart.
The poisoned dart closely misses Prince Ribbit.
Unknown command.
You miss Prince Ribbit. Prince Ribbit completely misses you.
You barely miss Prince Ribbit. Prince Ribbit hits you!
You closely miss Prince Ribbit.
Prince Ribbit hits you but does no damage.
Prince Ribbit closely misses you.
You barely miss Prince Ribbit. Prince Ribbit hits you.
You hit Prince Ribbit but do no damage.
Prince Ribbit hits you but does no damage.
You hit Prince Ribbit.
Prince Ribbit is lightly wounded.
Prince Ribbit barely misses you. Prince Ribbit hits you!
You hit Prince Ribbit.
Prince Ribbit is moderately wounded.
Prince Ribbit hits you!
* * * LOW HITPOINT WARNING * * *
You are too injured to fight recklessly!
You hit Prince Ribbit.
Prince Ribbit is moderately wounded.
Prince Ribbit closely misses you.
You hit Prince Ribbit.
Prince Ribbit is heavily wounded.
Prince Ribbit hits you but does no damage. x2
You slash Prince Ribbit!
Prince Ribbit is severely wounded.
Prince Ribbit hits you!
* * * LOW HITPOINT WARNING * * *
Unknown command.
You miss Prince Ribbit.
Prince Ribbit is severely wounded.
Prince Ribbit hits you but does no damage.
Unknown command.
You closely miss Prince Ribbit. Your punch misses Prince Ribbit.
Prince Ribbit is severely wounded.
Prince Ribbit barely misses you. Prince Ribbit hits you!
You die...
Your body crumbles into a pile of gold.

.....###........................#
~~~~~~~#....####.###............#
.....#~#.........................
......~.....#.......#.....#......
......~.....#.......#..(..####..#
..>...~.....#.............####...
......~.....#..................##
......~..####..........#.......##
.....#~#...##...@F.......#+#...##
~~~~~~~#.+.###...........# #...#.
.....###.#.###.####......# #...#.
.........#...............# ...
##.#.....#...#.###......## ...
#.#.....#...#.##.......#
##.#+#####...#.##.......# .!....
#...#.##.......# ......
#...#.##..##.#.#


You could see Prince Ribbit.

Vanquished Creatures
  2 ice beasts
  A sky beast (D:5)
  A phantom (D:4)
  2 scorpions (D:5)
  A howler monkey (D:5)
  A jelly (D:5)
  3 hounds
  2 iguanas
  An orc wizard (D:3)
  5 adders
  A shadow imp (D:4)
  A white imp (D:6)
  2 dart slugs
  5 orcs
  6 ball pythons
  5 bats (D:1)
  12 endoplasms
  4 giant cockroaches
  11 hobgoblins
  4 jackals (D:1)
  2 quokkas
  5 frilled lizards
  10 goblins
  5 kobolds
  7 rats
99 creatures vanquished.

Notes
Turn   | Place    | Note
-------+----------+-------------------------------------------
     0 | D:5      | Kurtz the Mummy Delver began the quest for the Orb.
     0 | D:5      | Reached XP level 1. HP: 18/18 MP: 1/1
    52 | D:4      | Reached skill level 2 in Axes
    52 | D:4      | Reached XP level 2. HP: 15/24 MP: 2/2
    58 | D:4      | Noticed an ogre
   513 | D:1      | Reached XP level 3. HP: 26/29 MP: 3/3
   532 | D:1      | Reached skill level 3 in Axes
  1211 | D:2      | Reached XP level 4. HP: 33/35 MP: 4/4
  1945 | D:3      | Found a basalt altar of Yredelemnul.
  2028 | D:3      | Reached skill level 4 in Axes
  2577 | D:4      | Noticed a phantom
  2598 | D:4      | Killed a phantom
  2599 | D:4      | Reached XP level 5. HP: 23/41 MP: 5/5
  2777 | D:4      | Noticed an ice beast
  2805 | D:4      | Killed an ice beast
  2806 | D:4      | Reached skill level 5 in Axes
  2806 | D:4      | Reached XP level 6. HP: 19/47 MP: 6/6
  2981 | D:4      | Found a transporter.
  2988 | D:4      | Noticed Pokonic1's ghost (amateur DsNe)
  3153 | D:4      | Found a transporter.
  3680 | D:5      | Reached skill level 6 in Axes
  3861 | D:5      | Noticed a sky beast
  3923 | D:5      | Killed a sky beast
  3924 | D:5      | Reached XP level 7. HP: 15/52 MP: 7/7
  4622 | D:6      | Noticed Prince Ribbit
  4753 | D:6      | Found a staircase to the Ecumenical Temple.
  4777 | D:6      | Reached skill level 1 in Armour
  4879 | Temple   | Entered the Ecumenical Temple
  4880 | Temple   | Upgraded the game from 0.31-a0-848-gaac375c287 to
                  | 0.31-a0-851-g7ff8af7976
  4902 | Temple   | Became a worshipper of Gozag Ym Sagoz the Greedy
  5112 | D:6      | HP: 1/52 [Prince Ribbit (14)]
  5114 | D:6      | Mangled by Prince Ribbit

Illustrated notes

Levels and vault maps discovered:
D:1:      dpeg_arrival_arbitrary_c, layout_loops_ring, minmay_tetromino_t2
D:2:      layout_loops_cross, minmay_misc_feat_roman
D:3:      layout_rooms, mainiacjoe_overflow_cross_hatched,
          hangedman_decor_growths, minmay_quadrilaterals
D:4:      layout_loops_ring, gammafunk_ghost_arena, hangedman_minor_gate_pass
D:5:      layout_basic, abandoned_shop
D:6:      layout_basic, mainiacjoe_overflow_surrounded_room,
          minmay_temple_entry_water_ring, minmay_holes, roderic_roman_lattice,
          uniq_prince_ribbit1
Temple:   hellmonk_temple_of_storms

Skill      XL: |  1  2  3  4  5  6  7 |
---------------+----------------------+-----
Axes           | 2 3 4 5 6 |  6.8
Armour         | 1 |  1.9
Dodging        | 2 |  2.0
Fighting       | |  3.4
Stealth        | |  4.1

Action                     |  1- 3 |  4- 6 |  7- 9 || total
---------------------------+-------+-------+-------++-------
  Melee: Hand axe          |   143 |   242 |    75 ||   460
         Punch             |     1 |       |     2 ||     3
  Throw: Throwing net      |       |     1 |       ||     1
         Dart              |       |    13 |     7 ||    20
         Boomerang         |       |       |     5 ||     5
         Javelin           |       |       |     2 ||     2
    Use: Scroll            |       |     1 |       ||     1
   Stab: Sleeping          |    13 |       |       ||    13
         Held in net/web   |       |     1 |       ||     1
 Armour: Leather armour    |    89 |       |       ||    89
         Chain mail        |       |   192 |    60 ||   252
  Dodge: Dodged            |    79 |    72 |    22 ||   173

Table legend: (Time is in decaauts)
 A = Elapsed time spent in this place.
 B = Non-inter-level travel time spent in this place.
 C = Inter-level travel time spent in this place.
 D = Time resting spent in this place.
 E = Time spent auto-exploring this place.
 F = Levels seen in this place.
 G = Mean time per level.
                   A        B        C        D        E       F      G
               +--------+--------+--------+--------+--------+-----+--------+
         Total |   5158 |   4818 |    340 |    825 |   2822 |   7 |  736.9 |
       Dungeon |   5124 |   4811 |    313 |    825 |   2822 |   6 |  854.0 |
        Temple |     34 |      7 |     27 |      0 |      0 |   1 |   34.0 |
               +--------+--------+--------+--------+--------+-----+--------+

Top non-repeatable levels by time:
     D:5: 1015 daAuts
     D:4: 1013 daAuts
     D:3: 949 daAuts
     D:1: 864 daAuts
     D:2: 795 daAuts
     D:6: 486 daAuts
  Temple: 34 daAuts
